| TOP OF THE 1ST |
|
Arizona Diamondbacks batting - Pitching for Montreal Expos : LHP Mark Guthrie
|
|
Pitching: LHP Mark Guthrie
|
|
|
Batting: LHB Delino DeShields
|
0-0: Ball 1-0: Called Strike 1-1: Swinging Strike 1-2: Foul Ball, location: 2F 1-2: Strikes out swinging
|
|
Batting: RHB Lance Blankenship
|
0-0: Bunt for hit to 13 - play at first, batter OUT! 1-3
|
|
Batting: RHB Moises Alou
|
0-0: Called Strike 0-1: Foul Ball, location: 2F 0-2: Ball 1-2: Reached on error, E6 (Groundball, 6, EV 89.4 MPH)
|
|
Batting: LHB Mike Greenwell
|
0-0: Ball 1-0: Called Strike 1-1: Called Strike 1-2: Foul Ball, location: 2F 1-2: SINGLE (Line Drive, 9S, EV 93.8 MPH) Moises Alou to second Runner from 2nd tries for 3rd, SAFE, throw by RF made to third
|
|
Batting: RHB Butch Huskey
|
0-0: Foul Ball, location: 2F 0-1: Ball 1-1: Ball 2-1: Foul Ball, location: 2F 2-2: Strikes out swinging
|
| Top of the 1st over - 0 runs, 1 hit, 1 error, 2 left on base; Arizona 0 - Montreal 0 |
| BOTTOM OF THE 1ST |
|
Montreal Expos batting - Pitching for Arizona Diamondbacks : RHP Alex Fernandez
|
|
Pitching: RHP Alex Fernandez
|
|
|
Batting: LHB Hal Morris
|
0-0: Called Strike 0-1: Called Strike 0-2: Ball 1-2: Ball 2-2: Foul Ball, location: 2F 2-2: Ground out 5-3 (Groundball, 5, EV 80.0 MPH)
|
|
Batting: SHB Gregg Jefferies
|
0-0: Ball 1-0: Called Strike 1-1: Foul Ball, location: 2F 1-2: Foul Ball, location: 2F 1-2: Ground out 6-3 (Groundball, 56, EV 104.4 MPH)
|
|
Batting: RHB Matt Williams
|
0-0: Called Strike 0-1: Ball 1-1: Swinging Strike 1-2: Ball 2-2: Ball 3-2: SINGLE (Groundball, 56D, EV 100.6 MPH)
|
|
Batting: RHB Jeff Kent
|
0-0: Ball Matt Williams is caught stealing 2nd base 2-4
|
| Bottom of the 1st over - 0 runs, 1 hit, 0 errors, 0 left on base; Arizona 0 - Montreal 0 |
| TOP OF THE 2ND |
|
Arizona Diamondbacks batting - Pitching for Montreal Expos : LHP Mark Guthrie
|
|
Batting: LHB Mark Grace
|
0-0: Swinging Strike 0-1: Ground out 4-3 (Groundball, 4, EV 81.3 MPH)
|
|
Batting: RHB Sandy Alomar Jr.
|
0-0: SINGLE (Line Drive, 5D, EV 93.8 MPH)
|
|
Batting: LHB Robin Ventura
|
0-0: Ball 1-0: Ball 2-0: Called Strike 2-1: Foul Ball, location: 2F 2-2: Foul Ball, location: 2F 2-2: Fly out, F7 (Flyball, 78XD, EV 76.9 MPH)
|
|
Batting: RHB Mike Bordick
|
0-0: Swinging Strike 0-1: Ball 1-1: Ball 2-1: Swinging Strike 2-2: Fielders Choice at 2nd, 5-4 (Groundball, 56, EV 84.4 MPH)
|
| Top of the 2nd over - 0 runs, 1 hit, 0 errors, 1 left on base; Arizona 0 - Montreal 0 |
| BOTTOM OF THE 2ND |
|
Montreal Expos batting - Pitching for Arizona Diamondbacks : RHP Alex Fernandez
|
|
Batting: RHB Jeff Kent
|
0-0: Ball 1-0: Foul Ball, location: 2F 1-1: SINGLE (Groundball, 4MD, EV 107.5 MPH)
|
|
Batting: RHB Leo Gomez
|
0-0: Called Strike 0-1: Swinging Strike 0-2: Strikes out looking
|
|
Batting: RHB Raul Mondesi
|
0-0: Foul Ball, location: 2F 0-1: Ball 1-1: 2-RUN HOME RUN (Flyball, 7D, EV 96.9 MPH), Distance : 370 ft
|
|
Batting: RHB Jose Hernandez
|
0-0: Foul Ball, location: 2F 0-1: Foul Ball, location: 2F 0-2: Foul Ball, location: 2F 0-2: Foul Ball, location: 2F 0-2: Strikes out looking
|
|
Batting: RHB Mike Sweeney
|
0-0: Ball 1-0: Called Strike 1-1: Foul Ball, location: 2F 1-2: Ball 2-2: SINGLE (Line Drive, 8RS, EV 103.1 MPH)
|
|
Batting: LHB Marvin Benard
|
0-0: Ball 1-0: Foul Ball, location: 2F 1-1: Fielders Choice at 2nd, 6-4 (Groundball, 56, EV 81.3 MPH)
|
| Bottom of the 2nd over - 2 runs, 3 hits, 0 errors, 1 left on base; Arizona 0 - Montreal 2 |
| TOP OF THE 3RD |
|
Arizona Diamondbacks batting - Pitching for Montreal Expos : LHP Mark Guthrie
|
|
Batting: LHB Delino DeShields
|
0-0: Ground out 5-3 (Groundball, 56, EV 90.0 MPH)
|
|
Batting: RHB Lance Blankenship
|
0-0: Ball 1-0: Ball 2-0: Ball 3-0: Base on Balls
|
|
Batting: RHB Moises Alou
|
0-0: Ball 1-0: Swinging Strike 1-1: Ball 2-1: Foul Ball, location: 2F 2-2: Fly out, F8 (Flyball, 8RD, EV 88.1 MPH)
|
|
Batting: LHB Mike Greenwell
|
0-0: Ball 1-0: SINGLE (Groundball, 4, EV 110.0 MPH) (infield hit) Lance Blankenship to second
|
|
Batting: RHB Butch Huskey
|
0-0: SINGLE (Groundball, 34D, EV 103.8 MPH) Lance Blankenship to third Mike Greenwell to second Runner from 3rd tries for Home, throw by RF and OUT! 9-2
|
| Top of the 3rd over - 0 runs, 2 hits, 0 errors, 2 left on base; Arizona 0 - Montreal 2 |
| BOTTOM OF THE 3RD |
|
Montreal Expos batting - Pitching for Arizona Diamondbacks : RHP Alex Fernandez
|
|
Batting: LHB Hal Morris
|
0-0: Ball 1-0: Bunt - Flyout to 15! F1
|
|
Batting: SHB Gregg Jefferies
|
0-0: Ball 1-0: Fly out, F7 (Flyball, 7, EV 92.5 MPH)
|
|
Batting: RHB Matt Williams
|
0-0: Called Strike 0-1: Fly out, F8 (Line Drive, 8LD, EV 85.6 MPH)
|
| Bottom of the 3rd over - 0 runs, 0 hits, 0 errors, 0 left on base; Arizona 0 - Montreal 2 |
| TOP OF THE 4TH |
|
Arizona Diamondbacks batting - Pitching for Montreal Expos : LHP Mark Guthrie
|
|
Batting: LHB Mark Grace
|
0-0: Foul Ball, location: 2F 0-1: Ball 1-1: Called Strike 1-2: Foul Ball, location: 2F 1-2: Strikes out swinging
|
|
Batting: RHB Sandy Alomar Jr.
|
0-0: Foul Ball, location: 2F 0-1: Ball 1-1: Foul Ball, location: 2F 1-2: Strikes out looking
|
|
Batting: LHB Robin Ventura
|
0-0: Ball 1-0: SINGLE (Line Drive, 34, EV 105.0 MPH)
|
|
Batting: RHB Mike Bordick
|
0-0: Foul Ball, location: 2F 0-1: Ball 1-1: Ball 2-1: Ground out 1-3 (Groundball, 13S, EV 69.4 MPH)
|
| Top of the 4th over - 0 runs, 1 hit, 0 errors, 1 left on base; Arizona 0 - Montreal 2 |
| BOTTOM OF THE 4TH |
|
Montreal Expos batting - Pitching for Arizona Diamondbacks : RHP Alex Fernandez
|
|
Batting: RHB Jeff Kent
|
0-0: Called Strike 0-1: Foul Ball, location: 2F 0-2: Fly out, F8 (Line Drive, 8RD, EV 96.3 MPH)
|
|
Batting: RHB Leo Gomez
|
0-0: Called Strike 0-1: Ball 1-1: Ball 2-1: Foul Ball, location: 2F 2-2: Fly out, F8 (Line Drive, 8RD, EV 93.8 MPH)
|
|
Batting: RHB Raul Mondesi
|
0-0: Called Strike 0-1: Ball 1-1: Ball 2-1: TRIPLE (Line Drive, 89XD, EV 105.0 MPH)
|
|
Batting: RHB Jose Hernandez
|
0-0: SINGLE (Groundball, 34D, EV 103.8 MPH) Raul Mondesi scores
|
|
Batting: RHB Mike Sweeney
|
0-0: Fly out, F4 (Line Drive, 4, EV 71.9 MPH)
|
| Bottom of the 4th over - 1 run, 2 hits, 0 errors, 1 left on base; Arizona 0 - Montreal 3 |
| TOP OF THE 5TH |
|
Arizona Diamondbacks batting - Pitching for Montreal Expos : LHP Mark Guthrie
|
|
Batting: LHB Delino DeShields
|
0-0: Called Strike 0-1: Ball 1-1: Ground out U3 (Groundball, 3L, EV 108.8 MPH)
|
|
Batting: RHB Lance Blankenship
|
0-0: Foul Ball, location: 2F 0-1: Ball 1-1: Foul Ball, location: 2F 1-2: Ball 2-2: Ball 3-2: Ground out 6-3 (Groundball, 56, EV 102.5 MPH)
|
|
Batting: RHB Moises Alou
|
0-0: Called Strike 0-1: Ground out 1-3 (Groundball, 15S, EV 73.1 MPH)
|
| Top of the 5th over - 0 runs, 0 hits, 0 errors, 0 left on base; Arizona 0 - Montreal 3 |
| BOTTOM OF THE 5TH |
|
Montreal Expos batting - Pitching for Arizona Diamondbacks : RHP Alex Fernandez
|
|
Batting: LHB Marvin Benard
|
0-0: Ball 1-0: Ball 2-0: Swinging Strike 2-1: Ball 3-1: Base on Balls
|
|
Batting: LHB Hal Morris
|
0-0: Ball 1-0: Fly out, F7 (Flyball, 7LD, EV 110.0 MPH) Runner from 1st tags up, SAFE at 2nd
|
|
Batting: SHB Gregg Jefferies
|
0-0: Ball 1-0: Ball 2-0: Ball 3-0: Called Strike 3-1: Base on Balls
|
|
Batting: RHB Matt Williams
|
0-0: Fly out, F6 (Popup, 15S, EV 74.4 MPH)
|
|
Batting: RHB Jeff Kent
|
0-0: Called Strike 0-1: Foul Ball, location: 2F 0-2: Strikes out looking
|
| Bottom of the 5th over - 0 runs, 0 hits, 0 errors, 2 left on base; Arizona 0 - Montreal 3 |
| TOP OF THE 6TH |
|
Arizona Diamondbacks batting - Pitching for Montreal Expos : LHP Mark Guthrie
|
|
Batting: LHB Mike Greenwell
|
0-0: Ball 1-0: Bunt missed! 1-1: Foul Ball, location: 2F 1-2: SINGLE (Flyball, 8LS, EV 86.9 MPH)
|
|
Batting: RHB Butch Huskey
|
0-0: Foul Ball, location: 2F 0-1: Ball 1-1: Ball 2-1: Reached on error, E1 (Groundball, 15S, EV 67.5 MPH) Mike Greenwell to second
|
|
Batting: LHB Mark Grace
|
0-0: Ball 1-0: Swinging Strike 1-1: Swinging Strike 1-2: Strikes out swinging
|
|
Batting: RHB Sandy Alomar Jr.
|
0-0: Called Strike 0-1: Ball 1-1: Ball 2-1: Foul Ball, location: 2F 2-2: Strikes out swinging
|
|
Batting: LHB Robin Ventura
|
0-0: Ball 1-0: Called Strike 1-1: Foul Ball, location: 2F 1-2: Ball 2-2: Ball 3-2: Strikes out swinging
|
| Top of the 6th over - 0 runs, 1 hit, 1 error, 2 left on base; Arizona 0 - Montreal 3 |
| BOTTOM OF THE 6TH |
|
Montreal Expos batting - Pitching for Arizona Diamondbacks : RHP Alex Fernandez
|
|
Batting: RHB Leo Gomez
|
0-0: Called Strike 0-1: Foul Ball, location: 2F 0-2: Ball 1-2: Ball 2-2: Strikes out swinging
|
|
Batting: RHB Raul Mondesi
|
0-0: Called Strike 0-1: Ball 1-1: Called Strike 1-2: Ball 2-2: Ball 3-2: Fly out, F9 (Flyball, 9D, EV 100.0 MPH)
|
|
Batting: RHB Jose Hernandez
|
0-0: Ball 1-0: Ball 2-0: Foul Ball, location: 2F 2-1: Ball 3-1: SINGLE (Groundball, 6, EV 86.3 MPH) (infield hit)
|
|
Batting: RHB Mike Sweeney
|
0-0: Called Strike 0-1: Fly out, F8 (Flyball, 8RS, EV 96.3 MPH)
|
| Bottom of the 6th over - 0 runs, 1 hit, 0 errors, 1 left on base; Arizona 0 - Montreal 3 |
| TOP OF THE 7TH |
|
Arizona Diamondbacks batting - Pitching for Montreal Expos : LHP Mark Guthrie
|
|
Batting: RHB Mike Bordick
|
0-0: Called Strike 0-1: Foul Ball, location: 2F 0-2: Strikes out swinging
|
|
Batting: LHB Delino DeShields
|
0-0: Foul Ball, location: 2F 0-1: Ball 1-1: Foul Ball, location: 2F 1-2: Fly out, F7 (Flyball, 78M, EV 83.1 MPH)
|
|
Batting: RHB Lance Blankenship
|
0-0: Foul Ball, location: 2F 0-1: Foul Ball, location: 2F 0-2: Ball 1-2: Foul Ball, location: 2F 1-2: Ball 2-2: Ball 3-2: Base on Balls
|
|
Batting: RHB Moises Alou
|
0-0: Ground out 6-3 (Groundball, 6S, EV 87.5 MPH)
|
| Top of the 7th over - 0 runs, 0 hits, 0 errors, 1 left on base; Arizona 0 - Montreal 3 |
| BOTTOM OF THE 7TH |
|
Montreal Expos batting - Pitching for Arizona Diamondbacks : RHP Alex Fernandez
|
|
Batting: LHB Marvin Benard
|
0-0: Swinging Strike 0-1: Ball 1-1: Swinging Strike 1-2: Ball 2-2: Ball 3-2: Ground out 5-3 (Groundball, 56S, EV 91.3 MPH)
|
|
Batting: LHB Hal Morris
|
0-0: Ball 1-0: Ball 2-0: Called Strike 2-1: Ball 3-1: Base on Balls
|
|
Batting: SHB Gregg Jefferies
|
0-0: Foul Ball, location: 2F 0-1: Fly out, F8 (Flyball, 8RXD, EV 96.3 MPH)
|
|
Batting: RHB Matt Williams
|
0-0: Called Strike 0-1: Ball 1-1: Foul Ball, location: 2F 1-2: Foul Ball, location: 2F 1-2: Foul Ball, location: 2F 1-2: DOUBLE (Line Drive, 9LM, EV 107.5 MPH) Hal Morris to third Runner from 3rd tries for Home, throw by RF and OUT! 9-4-2
|
| Bottom of the 7th over - 0 runs, 1 hit, 0 errors, 1 left on base; Arizona 0 - Montreal 3 |
| TOP OF THE 8TH |
|
Arizona Diamondbacks batting - Pitching for Montreal Expos : LHP Mark Guthrie
|
|
Batting: LHB Mike Greenwell
|
0-0: Fly out, F7 (Flyball, 7LS, EV 86.9 MPH)
|
|
Batting: RHB Butch Huskey
|
0-0: Foul Ball, location: 2F 0-1: Foul Ball, location: 2F 0-2: Strikes out swinging, 2-3 out at first.
|
|
Batting: LHB Mark Grace
|
0-0: Called Strike 0-1: Ball 1-1: Foul Ball, location: 2F 1-2: Ground out 4-3 (Groundball, 4, EV 82.5 MPH)
|
| Top of the 8th over - 0 runs, 0 hits, 0 errors, 0 left on base; Arizona 0 - Montreal 3 |
| BOTTOM OF THE 8TH |
|
Montreal Expos batting - Pitching for Arizona Diamondbacks : RHP Alex Fernandez
|
|
Batting: RHB Jeff Kent
|
0-0: Ball 1-0: Called Strike 1-1: Ball 2-1: Foul Ball, location: 2F 2-2: Fly out, F8 (Line Drive, 8LM, EV 89.4 MPH)
|
|
Batting: RHB Leo Gomez
|
0-0: Fly out, F8 (Flyball, 89D, EV 103.1 MPH)
|
|
Batting: RHB Raul Mondesi
|
0-0: Foul Ball, location: 2F 0-1: Foul Ball, location: 2F 0-2: Foul Ball, location: 2F 0-2: Ball 1-2: Foul Ball, location: 2F 1-2: Fly out, F4 (Popup, 4S, EV 80.6 MPH)
|
| Bottom of the 8th over - 0 runs, 0 hits, 0 errors, 0 left on base; Arizona 0 - Montreal 3 |
| TOP OF THE 9TH |
|
Arizona Diamondbacks batting - Pitching for Montreal Expos : LHP Mark Guthrie
|
|
Batting: RHB Sandy Alomar Jr.
|
0-0: Ball 1-0: Ground out 5-3 (Groundball, 56, EV 85.6 MPH)
|
|
Batting: LHB Robin Ventura
|
0-0: Called Strike 0-1: Ball 1-1: Called Strike 1-2: Ground out U3 (Groundball, 34, EV 83.1 MPH)
|
|
Batting: RHB Mike Bordick
|
0-0: Ball 1-0: Called Strike 1-1: Ball 2-1: Ball 3-1: Ground out 2-3 (Groundball, 13S, EV 71.3 MPH)
|
| Top of the 9th over - 0 runs, 0 hits, 0 errors, 0 left on base; Arizona 0 - Montreal 3 |
|